 Dungeon Crawl Stone Soup version 0.29-a0-982-gaed3a0c8d8 (webtiles) character file.

Game seed: 17722531585218110386

7828 Newt the Grappler (level 11, -16/80 HPs)
             Began as a Red Draconian Transmuter on Aug 1, 2022.
             Was an Initiate of Ru.
             Demolished by a two-headed ogre
             ... wielding a +0 giant club
              (21 damage)
             ... on level 1 of the Orcish Mines.
             The game lasted 00:32:06 (11687 turns).

Newt the Grappler (Red Draconian Transmuter)       Turns: 11687, Time: 00:32:07

Health: -16/80     AC: 10    Str: 19    XL:     11   Next: 1%
Magic:  8/18       EV: 14    Int: 13    God:    Ru [......]
Gold:   528        SH:  5    Dex: 13    Spells: 13/20 levels left

rFire   + . .      SeeInvis +     - Unarmed
rCold   . . .      Faith    .   E - orb {light}
rNeg    . . .      Spirit   .   (body armour unavailable)
rPois   .          Reflect  +   (helmet currently unavailable)
rElec   +          Harm     .   (no cloak)
rCorr   .          Rampage  .   D - +2 pair of gloves {Str+3}
Will    +....                   (boots currently unavailable)
Stlth   +.........              y - amulet of reflection
HPRegen 0.23/turn               g - ring of willpower
MPRegen 0.16/turn               q - ring of see invisible

@: appendages (expiring), wereblooded, glowing
A: horns 2, talons 2, breathe fire, AC +7, unfitting armour, fire resistance 1,
cold-blooded, beak, stinger 1, electricity resistance
a: Breathe Fire, End Transformation, Renounce Religion


You were on level 1 of the Orcish Mines.
You worshipped Ru.
Ru was noncommittal.
You had temporarily grown beastly horns and talons.
You visited 2 branches of the dungeon, and saw 11 of its levels.

You collected 1088 gold pieces.
You spent 560 gold pieces at shops.

Inventory:

Missiles
 p - 2 throwing nets
Armour
 b - a +0 buckler
 d - a +0 pair of gloves
 v - a +1 pair of boots
 B - a +2 pair of boots of rampaging (melded)
 D - a +2 pair of gloves of strength (worn)
 E - an orb of light (worn)
Jewellery
 g - a ring of willpower (left hand)
 h - an amulet of faith
 o - a ring of ice
 q - a ring of see invisible (right hand)
 r - a ring of protection from cold
 y - an amulet of reflection (around neck)
Wands
 e - a wand of digging (3)
 x - a wand of acid (9)
Scrolls
 k - 2 scrolls of teleportation
 l - a scroll of brand weapon
 n - 2 scrolls of magic mapping
 w - a scroll of enchant armour
 A - a scroll of enchant weapon
 H - a scroll of identify
Potions
 a - 3 potions of lignification
 i - 3 potions of brilliance
 j - a potion of invisibility
 m - 2 potions of attraction
 t - a potion of degeneration
 u - a potion of resistance
 z - a potion of flight
 C - 2 potions of cancellation
 F - a potion of mutation
 G - 2 potions of ambrosia


   Skills:
 + Level 2.5 Fighting
 * Level 6.4 Dodging
 + Level 1.8 Stealth
 * Level 4.8 Shields
 * Level 9.8 Unarmed Combat
 + Level 5.0 Spellcasting
 + Level 5.3 Transmutations
 * Level 6.7 Fire Magic
 * Level 6.0 Poison Magic
 + Level 0.2 Evocations


You had 13 spell levels left.
You knew the following spells:

 Your Spells              Type           Power      Damage    Failure   Level
a - Beastly Appendage     Tmut           34%        N/A       1%          1
b - Wereblood             Tmut           17%        N/A       3%          2
c - Olgreb's Toxic Radia  Pois           19%        N/A       16%         4

Your spell library contained the following spells:

 Spells                   Type           Power      Damage    Failure   Level
 Spider Form              Tmut/Pois      18%        N/A       5%          3
 Ice Form                 Ice/Tmut       10%        N/A       52%         4
 Summon Ice Beast         Ice/Summ       3%         N/A       88%         4
 Summon Mana Viper        Hex/Summ       3%         N/A       99%         5
 Monstrous Menagerie      Summ           1%         N/A       100%        7
 Ozocubu's Refrigeration  Ice            1%         4d7       100%        7
 Ignition                 Fire           10%        3d5       100%        8


Dungeon Overview and Level Annotations

Branches:
Dungeon (9/15)             Temple (0/1) D:5             Orc (2/2) D:9
   Lair: D:8-11         Elf: Orc:2

Altars:
Ashenzari
Elyvilon
Gozag
Qazlal
Ru
Uskayaw
Xom
Yredelemnul

Shops:
D:1 [   D:9 [**=   Orc:1 *[=(=

Annotations:
D:8 Grum


Innate Abilities, Weirdness & Mutations

You have temporarily grown beastly horns and talons.
You can breathe blasts of fire.
Your fiery red scales are hard. (AC +7)
You cannot fit into any form of body armour.
Your flesh is heat resistant. (rF+)
You are cold-blooded and may be slowed by cold attacks.
You have a beak for a mouth.
Your tail ends in a venomous barb.
You are resistant to electric shocks. (rElec)


Message History

Confirm with . or Enter, or press ? or * to list all spells.
You miscast Olgreb's Toxic Radiance.
You are very lightly contaminated with residual magic.
Nothing appears to happen.
Casting: Olgreb's Toxic Radiance (dangerous; 16% risk of failure)
Confirm with . or Enter, or press ? or * to list all spells.
You grow a pair of large bovine horns.
Your feet morph into talons.
Your +2 pair of boots of rampaging melds into your body.
You no longer feel able to rampage towards enemies.
Casting: Beastly Appendage (safe; 1% risk of failure)
Confirm with . or Enter, or press ? or * to list all spells.
Your blood is infused with primal strength.
Casting: Wereblood (safe; 3% risk of failure)
Confirm with . or Enter, or press ? or * to list all spells.
You can't see any susceptible monsters within range! (Use Z to cast anyway.)
Casting: Wereblood (safe; 3% risk of failure)
Confirm with . or Enter, or press ? or * to list all spells.
You begin to radiate toxic energy.
Your toxic aura wanes.
There is a stone staircase leading down, spattered with blood here.
You climb downwards.
The ogre hits you with a +0 giant spiked club!
The two-headed ogre hits you with a +0 giant club!!
The two-headed ogre hits you with a +0 giant spiked club!!
There is a stone staircase leading up, spattered with blood here.
Things that are here:
a +0 short sword; an orc skeleton The ogre hits you with a +0 giant spiked club!!
* * * LOW HITPOINT WARNING * * *
You climb upwards.
Your transformation is almost over.
Your magical contamination has completely faded away.
There is a stone staircase leading down, spattered with blood here.
Unknown command.
You hit the two-headed ogre. You headbutt the two-headed ogre.
You tail-slap the two-headed ogre.
The two-headed ogre is poisoned.
The two-headed ogre is lightly wounded.
You block the two-headed ogre's attack.
The two-headed ogre hits you with a +0 giant spiked club!!
You die...

####### ##### ##
########.#...###...## ##.
##..#.##.............###..
#.............[...........
##.......................#
####.#.∩.......#...#......#..
##.#.....................#....
#...........[O)...............
##.#.....#...@[...............
##.........)[.O..>............
#..........)[.................
#..........[............#.....
##...............#............
##...........8.##.............
#....#....#....#..............
##..##...#.8>∩.8..............
#.......#...........#.........


You could see a two-headed ogre (poisoned) and an ogre.

Vanquished Creatures
  An ettin (Orc:1)
  Erica (Orc:1)
  A two-headed ogre (Orc:2)
  An orc knight (Orc:1)
  An orc sorcerer (Orc:1)
  A shadow (D:9)
  A wraith (D:9)
  A steam dragon (D:6)
  Menkaure (D:7)
  4 wargs
  An acid dragon (D:9)
  2 water moccasins (D:7)
  An ice beast (D:6)
  A black bear (D:6)
  10 orc warriors
  10 ogres
  4 kobold brigands
  A necrophage (D:6)
  2 bullfrogs
  5 wights (D:7)
  3 howler monkeys
  A quasit (D:9)
  A jelly (D:5)
  3 hounds
  6 orc priests
  5 iguanas
  Ijyb (D:3)
  10 orc wizards
  Robin (D:3)
  10 gnolls
  7 adders
  A river rat (D:3)
  A shadow imp (D:7)
  A white imp (D:6)
  An ufetubus (D:5)
  A worm (D:3)
  2 dart slugs (D:2)
  39 orcs
  6 ball pythons
  4 bats
  11 endoplasms
  5 giant cockroaches
  12 goblins
  14 hobgoblins
  5 jackals
  4 quokkas
  A frilled lizard (D:2)
  25 kobolds
  14 rats
  A spectral orc (D:9)
246 creatures vanquished.

Vanquished Creatures (others)
  4 plants (D:5)
4 creatures vanquished.

Grand Total: 250 creatures vanquished

Notes
Turn   | Place    | Note
-------+----------+-------------------------------------------
     0 | D:1      | Newt the Draconian Transmuter began the quest for the Orb.
     0 | D:1      | Reached XP level 1. HP: 16/16 MP: 3/3
   203 | D:1      | Reached XP level 2. HP: 15/23 MP: 5/5
   475 | D:1      | Found Nopysox's Antique Armour Shop.
  1018 | D:1      | Reached XP level 3. HP: 13/28 MP: 4/6
  1034 | D:1      | Learned a level 2 spell: Wereblood
  1711 | D:2      | Found a faded altar of an unknown god.
  2154 | D:2      | Found a shimmering altar of Xom.
  2294 | D:3      | Noticed Robin
  2312 | D:3      | Reached XP level 4. HP: 33/35 MP: 3/7
  2315 | D:3      | Killed Robin
  2505 | D:3      | Found a hide-covered altar of Uskayaw.
  2528 | D:3      | Found a sacrificial altar of Ru.
  2528 | D:3      | Noticed Ijyb
  2556 | D:3      | HP: 1/35 [Ijyb/+0 club (5)]
  2560 | D:3      | Killed Ijyb
  2561 | D:3      | Reached skill level 4 in Unarmed Combat
  2561 | D:3      | Reached skill level 1 in Poison Magic
  2653 | D:3      | Became a worshipper of Ru the Awakened
  2820 | D:3      | Found a stormy altar of Qazlal.
  3043 | D:3      | Reached XP level 5. HP: 40/40 MP: 5/8
  3449 | D:3      | Reached skill level 1 in Stealth
  3749 | D:3      | Found an opulent altar of Gozag.
  3753 | D:3      | Found a broken altar of Ashenzari.
  4280 | D:4      | Reached XP level 6. HP: 17/47 MP: 7/10
  4554 | D:4      | Reached skill level 1 in Shields
  5195 | D:5      | Entered Level 5 of the Dungeon
  5228 | D:5      | Found a staircase to the Ecumenical Temple.
  5354 | D:5      | Reached skill level 5 in Unarmed Combat
  6077 | D:5      | Your scales start taking on a fiery red colour.
  6077 | D:5      | Reached XP level 7. HP: 45/53 MP: 8/11
  6077 | D:5      | Gained mutation: Your flesh is heat resistant. (rF+) [Red
                  | Draconian growth]
  6367 | D:5      | Reached skill level 1 in Fire Magic
  6429 | D:6      | Noticed a steam dragon
  6436 | D:6      | Killed a steam dragon
  6840 | D:6      | Reached XP level 8. HP: 60/60 MP: 9/12
  6852 | D:6      | Reached skill level 6 in Unarmed Combat
  6960 | D:6      | Found a white marble altar of Elyvilon.
  7766 | D:7      | Noticed Menkaure
  7776 | D:7      | Killed Menkaure
  7777 | D:7      | Reached XP level 9. HP: 37/67 MP: 10/15
  8353 | D:7      | Reached skill level 7 in Unarmed Combat
  8911 | D:8      | Noticed Grum
  8917 | D:9      | Found Wierr's Assorted Antiques.
  8937 | D:9      | Bought a pair of embroidered boots for 240 gold pieces
  8937 | D:9      | Found Oxippep's Antique Armour Boutique.
  8959 | D:9      | Bought a pair of runed gloves for 180 gold pieces
  9013 | D:9      | Reached skill level 5 in Dodging
  9091 | D:9      | Found Laleheeq's General Store.
  9101 | D:9      | Bought a potion of mutation for 112 gold pieces
  9101 | D:9      | Gained mutation: You have a beak for a mouth. [potion of
                  | mutation]
  9101 | D:9      | Gained mutation: You are resistant to electric shocks.
                  | (rElec) [potion of mutation]
  9101 | D:9      | Gained mutation: Your tail ends in a venomous barb. [potion
                  | of mutation]
  9172 | D:9      | Found Oliyjut's Jewellery Shoppe.
  9293 | D:9      | Found a basalt altar of Yredelemnul.
  9477 | D:9      | Reached skill level 5 in Fire Magic
  9493 | D:9      | HP: 1/67 [acid dragon/splash of acid (29)]
  9766 | D:9      | Reached skill level 8 in Unarmed Combat
  9856 | D:9      | Found a staircase to the Orcish Mines.
  9868 | D:9      | Reached skill level 5 in Poison Magic
  9877 | Orc:1    | Entered Level 1 of the Orcish Mines
  9952 | Orc:1    | Found Hiewupun's Antique Armour Shoppe.
  9962 | Orc:1    | Reached XP level 10. HP: 57/73 MP: 14/16
 10037 | Orc:1    | Found Hollozaeb's General Store.
 10126 | Orc:1    | Found Ytey's Jewellery Shoppe.
 10173 | Orc:1    | Bought a scroll of identify for 28 gold pieces
 10182 | Orc:1    | Noticed an orc sorcerer
 10194 | Orc:1    | Killed an orc sorcerer
 10278 | Orc:1    | Found Darhogos's Antique Weapon Emporium.
 10291 | Orc:1    | Noticed an orc knight
 10296 | Orc:1    | Noticed Erica
 10304 | Orc:1    | Killed an orc knight
 10305 | Orc:1    | Reached skill level 5 in Transmutations
 10309 | Orc:1    | Killed Erica
 10310 | Orc:1    | Reached skill level 9 in Unarmed Combat
 10536 | Orc:1    | Found Icwodi Jeuch's Jewellery Emporium.
 10666 | Orc:1    | Noticed an ettin
 10676 | Orc:1    | Killed an ettin
 10830 | Orc:2    | Entered Level 2 of the Orcish Mines
 10834 | Orc:2    | Noticed a two-headed ogre
 10834 | Orc:2    | Noticed a two-headed ogre
 10837 | Orc:2    | Noticed a two-headed ogre
 10838 | Orc:2    | Noticed a two-headed ogre
 10841 | Orc:2    | Noticed an ogre mage
 10841 | Orc:2    | Noticed an ogre mage
 10843 | Orc:2    | Killed a two-headed ogre
 10844 | Orc:2    | Reached skill level 5 in Spellcasting
 10854 | Orc:2    | HP: 3/74 [two-headed ogre/+0 giant club (19)]
 11189 | Orc:2    | Noticed a two-headed ogre
 11206 | Orc:1    | Reached XP level 11. HP: 4/80 MP: 18/18
 11618 | Orc:1    | Learned a level 4 spell: Olgreb's Toxic Radiance
 11685 | Orc:2    | HP: 4/80 [ogre/+0 giant spiked club (21)]
 11687 | Orc:1    | Demolished by a two-headed ogre

Illustrated notes

Levels and vault maps discovered:
D:1:      dpeg_arrival_ratfight, layout_basic, serial_shops,
          nicolae_shop_hallway_stairs
D:2:      layout_basic, basic_altar, ebering_ecumenical_altar_box
D:3:      layout_loops_corners, nicolae_overflow_hidden_temple,
          mainiacjoe_overflow_alcove_1, mainiacjoe_overflow_tiny_flanked,
          minitemple, portal_sewer_entry_b, uniq_ijyb, uniq_robin
D:4:      layout_cave_pools, hangedman_abyss_or_decor_lesser_grid
D:5:      layout_cave_pods, kennysheep_mini, minmay_temple_entry_proselytizer,
          serial_bayou_crossing
D:6:      layout_loops_ring, elyvilon_altar_4
D:7:      layout_basic, uniq_menkaure
D:8:      layout_rooms, vehumet_crystals, nicolae_tso_carved_into_rock,
          tgw_fedhas, serial_demonic, serial_demonic_a, serial_demonic_f,
          serial_demonic_c, serial_demonic_e, serial_demonic_e,
          serial_demonic_f, serial_demonic_b, serial_demonic_e, uniq_grum,
          uniq_joseph, uniq_psyche
D:9:      layout_cave_pools, yredelemnul_forgotten_temple_becter,
          david_orc_1_choice, serial_shops, nicolae_stop_n_shop_1,
          nicolae_shop_competitors_out_of_business, shop, shop
Orc:1:    layout_caves, serial_shops, nicolae_shop_statue_plus, shop,
          nicolae_shop_trees, nicolae_shop_advertising_works
          [nicolae_subvault_shop_adworks], shop, uniq_erica
Orc:2:    st_orc_ogre_mass, layout_caves, nicolae_orc_tapped_out

Skill      XL: |  1  2  3  4  5  6  7  8  9 10 11 |
---------------+----------------------------------+-----
Dodging        | 2 3 4 5 6 |  6.4
Unarmed Combat | 4 5 6 8 9 |  9.8
Poison Magic   | 1 2 3 5 6 |  6.0
Stealth        | 1 |  1.8
Shields        | 1 2 3 4 |  4.8
Transmutations | 3 4 5 |  5.3
Spellcasting   | 3 4 5 |  5.0
Fire Magic     | 2 4 5 6 |  6.7
Fighting       | 2 |  2.5
Evocations     | |  0.2

Action                   |  1- 3 |  4- 6 |  7- 9 | 10-12 || total
-------------------------+-------+-------+-------+-------++-------
Melee: Unarmed           |   146 |   211 |   296 |    96 ||   749
       Tailslap          |    16 |    25 |    45 |    22 ||   108
       Kick              |    14 |    43 |   101 |    33 ||   191
       Headbutt          |     7 |    17 |    68 |    18 ||   110
       Punch             |     1 |       |       |       ||     1
       Peck              |       |       |    13 |    17 ||    30
 Cast: Beastly Appendage |    16 |    25 |    37 |    11 ||    89
       Wereblood         |     1 |    12 |    25 |     9 ||    47
       Olgreb's Toxic Ra |       |       |       |     1 ||     1
 Abil: Breathe Fire      |       |       |     6 |     4 ||    10
Evoke: Wand              |       |       |       |     3 ||     3
  Use: Scroll            |       |    13 |    11 |     3 ||    27
       Potion            |       |     3 |     6 |     2 ||    11
 Stab: Sleeping          |       |     2 |     1 |       ||     3
Armor: Skin              |    43 |    81 |    83 |    39 ||   246
Dodge: Dodged            |    89 |   157 |   154 |    86 ||   486
Block: Buckler           |    13 |    31 |    42 |       ||    86
       Orb               |       |       |    20 |    33 ||    53
       Reflection        |       |       |     3 |       ||     3

Table legend: (Time is in decaauts)
 A = Elapsed time spent in this place.
 B = Non-inter-level travel time spent in this place.
 C = Inter-level travel time spent in this place.
 D = Time resting spent in this place.
 E = Time spent auto-exploring this place.
 F = Levels seen in this place.
 G = Mean time per level.
                   A        B        C        D        E       F      G
               +--------+--------+--------+--------+--------+-----+--------+
         Total |  11647 |  11248 |    399 |   2480 |   6846 |  11 | 1058.8 |
       Dungeon |   9858 |   9459 |    399 |   1704 |   6094 |   9 | 1095.3 |
  Orcish Mines |   1788 |   1788 |      0 |    776 |    751 |   2 |  894.0 |
               +--------+--------+--------+--------+--------+-----+--------+

Top non-repeatable levels by time:
   Orc:1: 1746 daAuts
     D:7: 1714 daAuts
     D:3: 1570 daAuts
     D:1: 1475 daAuts
     D:4: 1343 daAuts
     D:5: 1222 daAuts
     D:9: 951 daAuts
     D:2: 806 daAuts
     D:6: 729 daAuts
     D:8: 45 daAuts
   Orc:2: 42 daAuts
